TOP OF THE 1ST |
Calgary Lynx batting - Pitching for Florida Men : RHP Joshua Long
|
Pitching: RHP Joshua Long
|
|
Batting: RHB Dave Sosa
|
0-0: SINGLE (Line Drive, 7LS)
|
Batting: LHB Daniel García
|
0-0: Ball 1-0: Swinging Strike 1-1: Foul Ball, location: 2F 1-2: Ball 2-2: Foul Ball, location: 2F 2-2: SINGLE (Groundball, 4MD) Dave Sosa to second
|
Batting: LHB Sergio Cruz
|
0-0: Ball 1-0: Ball 2-0: Called Strike 2-1: Swinging Strike 2-2: Ball 3-2: Foul Ball, location: 2F 3-2: Base on Balls Dave Sosa to third Daniel García to second
|
Batting: RHB Oliver Villalva
|
0-0: Ball 1-0: Ball 2-0: Ball 3-0: Called Strike 3-1: Grounds into double play, 5-4-3 (Groundball, 56) Dave Sosa scores Daniel García to third
|
Batting: RHB José de la Cavallería
|
0-0: Ball 1-0: Ground out 5-3 (Groundball, 56S)
|
Top of the 1st over - 1 run, 2 hits, 0 errors, 1 left on base; Calgary 1 - Florida 0 |
BOTTOM OF THE 1ST |
Florida Men batting - Pitching for Calgary Lynx : RHP Melchor Morse
|
Pitching: RHP Melchor Morse
|
|
Batting: SHB Henrique de Senna Fernandes
|
0-0: Ball 1-0: Ball 2-0: Swinging Strike 2-1: Foul Ball, location: 2F 2-2: Ground out U3 (Groundball, 3L)
|
Batting: RHB Todd Sentell
|
0-0: Ball 1-0: Called Strike 1-1: DOUBLE (Flyball, 8LXD)
|
Batting: LHB Alfred Miles
|
0-0: Called Strike 0-1: Ball 1-1: Foul Ball, location: 2F 1-2: Strikes out swinging
|
Batting: RHB Jorge Díaz
|
0-0: Ball 1-0: Called Strike 1-1: Ball 2-1: Fly out, F9 (Flyball, 9LSF)
|
Bottom of the 1st over - 0 runs, 1 hit, 0 errors, 1 left on base; Calgary 1 - Florida 0 |
TOP OF THE 2ND |
Calgary Lynx batting - Pitching for Florida Men : RHP Joshua Long
|
Batting: RHB Alberto Salas
|
0-0: Ball 1-0: Called Strike 1-1: Foul Ball, location: 2F 1-2: Fly out, F7 (Flyball, 7LS)
|
Batting: RHB Júlio Vargas
|
0-0: Foul Ball, location: 2F 0-1: Foul Ball, location: 2F 0-2: SINGLE (Line Drive, 9S)
|
Batting: RHB Augusto Manuel
|
0-0: Called Strike 0-1: Ball 1-1: Ball 2-1: Foul Ball, location: 2F 2-2: Grounds into double play, 4-6-3 (Groundball, 34)
|
Top of the 2nd over - 0 runs, 1 hit, 0 errors, 0 left on base; Calgary 1 - Florida 0 |
BOTTOM OF THE 2ND |
Florida Men batting - Pitching for Calgary Lynx : RHP Melchor Morse
|
Batting: LHB Jim Halpert
|
0-0: Called Strike 0-1: SINGLE (Groundball, 4MD)
|
Batting: RHB Bob Phillips
|
0-0: Foul Ball, location: 2F 0-1: Ball 1-1: Ball 2-1: Swinging Strike 2-2: Foul Ball, location: 2F 2-2: Foul Ball, location: 2F 2-2: Fly out, F6 (Line Drive, 6)
|
Batting: RHB José Córdova
|
0-0: Ball 1-0: Grounds into double play, 6-4-3 (Groundball, 56)
|
Bottom of the 2nd over - 0 runs, 1 hit, 0 errors, 0 left on base; Calgary 1 - Florida 0 |
TOP OF THE 3RD |
Calgary Lynx batting - Pitching for Florida Men : RHP Joshua Long
|
Pitching: RHP Brian Scalabrine
|
|
Batting: RHB Rubén Medina
|
0-0: Ball 1-0: Ball 2-0: Ball 3-0: Swinging Strike 3-1: Foul Ball, location: 2F 3-2: Ground out 5-3 (Groundball, 56)
|
Batting: RHB Dave Sosa
|
0-0: Ground out 1-3 (Groundball, 13S)
|
Batting: LHB Daniel García
|
0-0: Called Strike 0-1: Ball 1-1: Ball 2-1: Fly out, F8 (Flyball, 8LD)
|
Top of the 3rd over - 0 runs, 0 hits, 0 errors, 0 left on base; Calgary 1 - Florida 0 |
BOTTOM OF THE 3RD |
Florida Men batting - Pitching for Calgary Lynx : RHP Melchor Morse
|
Batting: LHB Iemitsu Hatsutori
|
0-0: SINGLE (Groundball, 6MD)
|
Batting: RHB Henry Lambright
|
0-0: Called Strike 0-1: Ball 1-1: Foul Ball, location: 2F 1-2: Ball 2-2: Ball 3-2: Hit by Pitch Iemitsu Hatsutori to second
|
Batting: SHB Henrique de Senna Fernandes
|
0-0: Called Strike 0-1: Called Strike 0-2: Ball 1-2: Strikes out looking
|
Batting: RHB Todd Sentell
|
0-0: Called Strike 0-1: Called Strike 0-2: Foul Ball, location: 2F 0-2: Fly out, F7 (Flyball, 7LS)
|
Batting: LHB Alfred Miles
|
0-0: Ball 1-0: Ball 2-0: Called Strike 2-1: Ball 3-1: Foul Ball, location: 2F 3-2: Base on Balls Iemitsu Hatsutori to third Henry Lambright to second
|
Batting: RHB Jorge Díaz
|
0-0: Ball 1-0: Ball 2-0: Fielders Choice at 2nd, 6-4 (Groundball, 6)
|
Bottom of the 3rd over - 0 runs, 1 hit, 0 errors, 3 left on base; Calgary 1 - Florida 0 |
TOP OF THE 4TH |
Calgary Lynx batting - Pitching for Florida Men : RHP Brian Scalabrine
|
Batting: LHB Sergio Cruz
|
0-0: Ball 1-0: Called Strike 1-1: SINGLE (Groundball, 34D)
|
Batting: RHB Oliver Villalva
|
0-0: Fly out, F3 (Popup, 3SF)
|
Batting: RHB José de la Cavallería
|
0-0: Called Strike 0-1: Called Strike 0-2: Ball 1-2: Ball 2-2: Foul Ball, location: 2F 2-2: SINGLE (Line Drive, 6MD) Sergio Cruz to second
|
Batting: RHB Alberto Salas
|
0-0: Called Strike 0-1: Called Strike 0-2: Strikes out looking
|
Batting: RHB Júlio Vargas
|
0-0: Ball 1-0: Ball 2-0: Foul Ball, location: 2F 2-1: SINGLE (Line Drive, 78M) Sergio Cruz to third José de la Cavallería to second
|
Batting: RHB Augusto Manuel
|
0-0: Called Strike 0-1: Ball 1-1: Swinging Strike 1-2: Foul Ball, location: 2F 1-2: Strikes out swinging
|
Top of the 4th over - 0 runs, 3 hits, 0 errors, 3 left on base; Calgary 1 - Florida 0 |
BOTTOM OF THE 4TH |
Florida Men batting - Pitching for Calgary Lynx : RHP Melchor Morse
|
Batting: LHB Jim Halpert
|
0-0: Called Strike 0-1: Foul Ball, location: 2F 0-2: Ball 1-2: Foul Ball, location: 2F 1-2: Ball 2-2: Ball 3-2: Base on Balls
|
Batting: RHB Bob Phillips
|
0-0: Ball 1-0: Ball 2-0: 2-RUN HOME RUN (Flyball, 78XD), Distance : 406 ft
|
Batting: RHB José Córdova
|
0-0: Called Strike 0-1: Foul Ball, location: 2F 0-2: DOUBLE (Line Drive, 7)
|
Batting: LHB Iemitsu Hatsutori
|
0-0: Ball 1-0: Ground out 3-1 (Groundball, 34) José Córdova to third
|
Batting: RHB Henry Lambright
|
0-0: Called Strike 0-1: Foul Ball, location: 2F 0-2: Foul Ball, location: 2F 0-2: Strikes out swinging
|
Batting: SHB Henrique de Senna Fernandes
|
0-0: Ball 1-0: Ball 2-0: Ball 3-0: Called Strike 3-1: Called Strike 3-2: Foul Ball, location: 2F 3-2: Base on Balls
|
Batting: RHB Todd Sentell
|
0-0: Called Strike 0-1: 3-RUN HOME RUN (Flyball, 7LD), Distance : 359 ft
|
Batting: LHB Alfred Miles
|
0-0: Ball 1-0: Foul Ball, location: 2F 1-1: Fly out, F9 (Flyball, 89D)
|
Bottom of the 4th over - 5 runs, 3 hits, 0 errors, 0 left on base; Calgary 1 - Florida 5 |
TOP OF THE 5TH |
Calgary Lynx batting - Pitching for Florida Men : RHP Brian Scalabrine
|
Batting: RHB Rubén Medina
|
0-0: Foul Ball, location: 2F 0-1: Ball 1-1: Fly out, F8 (Flyball, 8RM)
|
Batting: RHB Dave Sosa
|
0-0: Foul Ball, location: 2F 0-1: Called Strike 0-2: Foul Ball, location: 2F 0-2: Ball 1-2: Strikes out swinging
|
Batting: LHB Daniel García
|
0-0: Called Strike 0-1: Foul Ball, location: 2F 0-2: Fly out, F8 (Flyball, 8LS)
|
Top of the 5th over - 0 runs, 0 hits, 0 errors, 0 left on base; Calgary 1 - Florida 5 |
BOTTOM OF THE 5TH |
Florida Men batting - Pitching for Calgary Lynx : RHP Melchor Morse
|
Batting: RHB Jorge Díaz
|
0-0: Ground out 5-3 (Groundball, 56)
|
Batting: LHB Jim Halpert
|
0-0: Ball 1-0: Ball 2-0: Foul Ball, location: 2F 2-1: Ground out 4-3 (Groundball, 4)
|
Batting: RHB Bob Phillips
|
0-0: Ball 1-0: Foul Ball, location: 2F 1-1: Ball 2-1: Ball 3-1: Foul Ball, location: 2F 3-2: Ground out 3-1 (Groundball, 34S)
|
Bottom of the 5th over - 0 runs, 0 hits, 0 errors, 0 left on base; Calgary 1 - Florida 5 |
TOP OF THE 6TH |
Calgary Lynx batting - Pitching for Florida Men : RHP Brian Scalabrine
|
Batting: LHB Sergio Cruz
|
0-0: Called Strike 0-1: Ball 1-1: Ball 2-1: Foul Ball, location: 2F 2-2: Ball 3-2: Foul Ball, location: 2F 3-2: Base on Balls
|
Batting: RHB Oliver Villalva
|
0-0: Ball 1-0: Ball 2-0: 2-RUN HOME RUN (Line Drive, 7D), Distance : 380 ft
|
Pitching: RHP Earl Simmons
|
|
Batting: RHB José de la Cavallería
|
0-0: Fly out, F8 (Flyball, 78XD)
|
Batting: RHB Alberto Salas
|
0-0: Called Strike 0-1: Ball 1-1: Ball 2-1: Ball 3-1: Fly out, F7 (Flyball, 7)
|
Batting: RHB Júlio Vargas
|
0-0: Foul Ball, location: 2F 0-1: Swinging Strike 0-2: Ball 1-2: Fly out, F8 (Line Drive, 89M)
|
Top of the 6th over - 2 runs, 1 hit, 0 errors, 0 left on base; Calgary 3 - Florida 5 |
BOTTOM OF THE 6TH |
Florida Men batting - Pitching for Calgary Lynx : RHP Melchor Morse
|
Batting: RHB José Córdova
|
0-0: Called Strike 0-1: Swinging Strike 0-2: Ball 1-2: Ball 2-2: Ball 3-2: Foul Ball, location: 2F 3-2: Foul Ball, location: 2F 3-2: Strikes out swinging
|
Pitching: RHP Tomás Vargas
|
|
Batting: LHB Iemitsu Hatsutori
|
0-0: Called Strike 0-1: Ball 1-1: Fly out, F7 (Flyball, 78M)
|
Batting: RHB Henry Lambright
|
0-0: Ball 1-0: Called Strike 1-1: Ball 2-1: Foul Ball, location: 2F 2-2: Fly out, F8 (Flyball, 78M)
|
Bottom of the 6th over - 0 runs, 0 hits, 0 errors, 0 left on base; Calgary 3 - Florida 5 |
TOP OF THE 7TH |
Calgary Lynx batting - Pitching for Florida Men : RHP Earl Simmons
|
Batting: RHB Augusto Manuel
|
0-0: Ground out 1-3 (Groundball, 13)
|
Batting: RHB Rubén Medina
|
0-0: Ball 1-0: Foul Ball, location: 2F 1-1: Swinging Strike 1-2: Ball 2-2: Strikes out swinging
|
Batting: RHB Dave Sosa
|
0-0: Fly out, F9 (Flyball, 9)
|
Top of the 7th over - 0 runs, 0 hits, 0 errors, 0 left on base; Calgary 3 - Florida 5 |
BOTTOM OF THE 7TH |
Florida Men batting - Pitching for Calgary Lynx : RHP Tomás Vargas
|
Batting: SHB Henrique de Senna Fernandes
|
0-0: Ball 1-0: Foul Ball, location: 2F 1-1: Ground out U3 (Groundball, 3)
|
Batting: RHB Todd Sentell
|
0-0: Foul Ball, location: 2F 0-1: Ball 1-1: Foul Ball, location: 2F 1-2: SINGLE (Line Drive, 4D)
|
Batting: LHB Alfred Miles
|
0-0: Ball 1-0: Ball 2-0: Called Strike 2-1: Foul Ball, location: 2F 2-2: Foul Ball, location: 2F 2-2: Ball 3-2: Base on Balls Todd Sentell to second
|
Batting: RHB Jorge Díaz
|
0-0: Ball 1-0: Fly out, F9 (Flyball, 9LS)
|
Batting: LHB Jim Halpert
|
0-0: 3-RUN HOME RUN (Flyball, 9D), Distance : 387 ft
|
Batting: RHB Bob Phillips
|
0-0: Fly out, F3 (Popup, 3S)
|
Bottom of the 7th over - 3 runs, 2 hits, 0 errors, 0 left on base; Calgary 3 - Florida 8 |
TOP OF THE 8TH |
Calgary Lynx batting - Pitching for Florida Men : RHP Earl Simmons
|
Batting: LHB Daniel García
|
0-0: Ball 1-0: SOLO HOME RUN (Flyball, 9D), Distance : 378 ft
|
Batting: LHB Sergio Cruz
|
0-0: Ball 1-0: Fly out, F4 (Popup, 4M)
|
Batting: RHB Oliver Villalva
|
0-0: Called Strike 0-1: Ball 1-1: Ball 2-1: Called Strike 2-2: Foul Ball, location: 2F 2-2: Foul Ball, location: 2F 2-2: SINGLE (Flyball, 34D)
|
Batting: RHB José de la Cavallería
|
0-0: Ball 1-0: Called Strike 1-1: Ball 2-1: Ball 3-1: Called Strike 3-2: Foul Ball, location: 2F 3-2: Fly out, F9 (Line Drive, 89M)
|
Batting: RHB Alberto Salas
|
0-0: Ball 1-0: Ball 2-0: Swinging Strike 2-1: Fielders Choice at 2nd, 5-4 (Groundball, 5L)
|
Top of the 8th over - 1 run, 2 hits, 0 errors, 1 left on base; Calgary 4 - Florida 8 |
BOTTOM OF THE 8TH |
Florida Men batting - Pitching for Calgary Lynx : RHP Tomás Vargas
|
Pitching: RHP Xiao-shuang Wong
|
|
Batting: RHB José Córdova
|
0-0: Ball 1-0: Called Strike 1-1: Foul Ball, location: 2F 1-2: Strikes out looking
|
Batting: LHB Iemitsu Hatsutori
|
0-0: Ball 1-0: Ground out 4-3 (Groundball, 4)
|
Batting: RHB Henry Lambright
|
0-0: Called Strike 0-1: Ball 1-1: Foul Ball, location: 2F 1-2: Foul Ball, location: 2F 1-2: Strikes out swinging
|
Bottom of the 8th over - 0 runs, 0 hits, 0 errors, 0 left on base; Calgary 4 - Florida 8 |
TOP OF THE 9TH |
Calgary Lynx batting - Pitching for Florida Men : RHP Earl Simmons
|
Batting: RHB Júlio Vargas
|
0-0: Called Strike 0-1: SOLO HOME RUN (Flyball, 78XD), Distance : 407 ft
|
Batting: RHB Augusto Manuel
|
0-0: Ball 1-0: Ball 2-0: Fly out, F8 (Flyball, 8RS)
|
Batting: RHB Rubén Medina
|
0-0: Called Strike 0-1: Fly out, F9 (Flyball, 89M)
|
Batting: RHB Dave Sosa
|
0-0: Ball 1-0: Called Strike 1-1: Ground out 6-3 (Groundball, 6)
|
Top of the 9th over - 1 run, 1 hit, 0 errors, 0 left on base; Calgary 5 - Florida 8 |
|